| TOP OF THE 1ST |
|
Stockton Mariners batting - Pitching for Fresno Grizzlies : RHP Jerry Bonilla
|
|
Pitching: RHP Jerry Bonilla
|
|
|
Batting: LHB Harold Perkins
|
0-0: Ball 1-0: Ball 2-0: Ball 3-0: Base on Balls
|
|
Batting: LHB Ricky Nelson
|
0-0: Ball Harold Perkins is caught stealing 2nd base 2-6 1-0: Called Strike 1-1: Ground out U3 (Groundball, 34, EV 91.3 MPH)
|
|
Batting: LHB Marvin Ward
|
0-0: Ball 1-0: Called Strike 1-1: Ball 2-1: Called Strike 2-2: Ball 3-2: Foul Ball, location: 2F 3-2: Foul Ball, location: 2F 3-2: Ground out 6-3 (Groundball, 6, EV 107.5 MPH)
|
| Top of the 1st over - 0 runs, 0 hits, 0 errors, 0 left on base; Stockton 0 - Fresno 0 |
| BOTTOM OF THE 1ST |
|
Fresno Grizzlies batting - Pitching for Stockton Mariners : RHP Gregorio Soto
|
|
Pitching: RHP Gregorio Soto
|
|
|
Batting: RHB Mike Jirschele
|
0-0: SINGLE (Groundball, 5S, EV 65.6 MPH) (infield hit)
|
|
Batting: LHB Roger Hill
|
0-0: Foul Ball, location: 2F 0-1: Ball 1-1: Called Strike 1-2: Foul Ball, location: 2F 1-2: Fly out, F3 (Popup, 3SF, EV 82.5 MPH)
|
|
Batting: RHB Chris Fernandez
|
0-0: Called Strike Mike Jirschele steals 2nd base 0-1: Foul Ball, location: 2F 0-2: Foul Ball, location: 2F 0-2: DOUBLE (Line Drive, 9LM, EV 107.5 MPH) Mike Jirschele scores
|
|
Batting: LHB Ron Oddo
|
0-0: Ball 1-0: Ball 2-0: Called Strike 2-1: Foul Ball, location: 2F 2-2: Ball 3-2: SINGLE (Groundball, 34S, EV 74.4 MPH) (infield hit) Chris Fernandez to third
|
|
Batting: RHB Tom Johnson
|
0-0: Ball 1-0: Ball 2-0: SINGLE (Line Drive, 56D, EV 98.8 MPH) Chris Fernandez scores Ron Oddo to second
|
|
Batting: LHB Russ Aldrich
|
0-0: Ball 1-0: Ball 2-0: Called Strike 2-1: Called Strike 2-2: Foul Ball, location: 2F 2-2: Ball 3-2: TRIPLE (Line Drive, 89XD, EV 106.3 MPH) Ron Oddo scores Tom Johnson scores
|
|
Batting: LHB Jose Rivera
|
0-0: Ground out 3-1 (Groundball, 34S, EV 83.8 MPH) Russ Aldrich scores
|
|
Batting: RHB Ivan Mesa
|
0-0: Called Strike 0-1: Ball 1-1: Swinging Strike 1-2: Ball 2-2: Fly out, F4 (Popup, 3S, EV 79.4 MPH)
|
| Bottom of the 1st over - 5 runs, 5 hits, 0 errors, 0 left on base; Stockton 0 - Fresno 5 |
| TOP OF THE 2ND |
|
Stockton Mariners batting - Pitching for Fresno Grizzlies : RHP Jerry Bonilla
|
|
Batting: LHB David Cawthon
|
0-0: Ball 1-0: Called Strike 1-1: Foul Ball, location: 2F 1-2: Foul Ball, location: 2F 1-2: Foul Ball, location: 2F 1-2: Ball 2-2: Strikes out swinging
|
|
Batting: LHB Joe Perna
|
0-0: Ball 1-0: Foul Ball, location: 2F 1-1: SOLO HOME RUN (Flyball, 89XD, EV 98.8 MPH), Distance : 430 ft
|
|
Batting: SHB Eddie Tanner
|
0-0: Called Strike 0-1: DOUBLE (Line Drive, 5D, EV 95.0 MPH)
|
|
Pinch Runner at 2nd David Lanning:
|
|
|
Batting: RHB Orlando Mercado
|
0-0: Called Strike 0-1: Swinging Strike 0-2: Ground out 6-3 (Groundball, 6, EV 85.0 MPH) David Lanning to third
|
|
Batting: LHB Victor Gavidia
|
0-0: Fly out, F8 (Flyball, 8RD, EV 107.5 MPH)
|
| Top of the 2nd over - 1 run, 2 hits, 0 errors, 1 left on base; Stockton 1 - Fresno 5 |
| BOTTOM OF THE 2ND |
|
Fresno Grizzlies batting - Pitching for Stockton Mariners : RHP Gregorio Soto
|
|
Now at 3B: David Lanning
|
|
|
Batting: RHB Emilio Carrasquel
|
0-0: Foul Ball, location: 2F 0-1: Ball 1-1: Called Strike 1-2: Foul Ball, location: 2F 1-2: Strikes out swinging
|
|
Batting: RHB Mike Jirschele
|
0-0: Ball 1-0: Foul Ball, location: 2F 1-1: Ground out 5-3 (Groundball, 56, EV 83.8 MPH)
|
|
Batting: LHB Roger Hill
|
0-0: Foul Ball, location: 2F 0-1: Ball 1-1: Called Strike 1-2: Ball 2-2: Strikes out swinging, 2-3 out at first.
|
| Bottom of the 2nd over - 0 runs, 0 hits, 0 errors, 0 left on base; Stockton 1 - Fresno 5 |
| TOP OF THE 3RD |
|
Stockton Mariners batting - Pitching for Fresno Grizzlies : RHP Jerry Bonilla
|
|
Batting: RHB Brian Greer
|
0-0: Called Strike 0-1: Swinging Strike 0-2: Ground out 2-3 (Groundball, 13S, EV 60.0 MPH)
|
|
Batting: LHB Harold Perkins
|
0-0: Called Strike 0-1: Called Strike 0-2: Ball 1-2: Foul Ball, location: 2F 1-2: Ground out 6-3 (Groundball, 6, EV 85.0 MPH)
|
|
Batting: LHB Ricky Nelson
|
0-0: Ball 1-0: Ground out U3 (Groundball, 34S, EV 88.1 MPH)
|
| Top of the 3rd over - 0 runs, 0 hits, 0 errors, 0 left on base; Stockton 1 - Fresno 5 |
| BOTTOM OF THE 3RD |
|
Fresno Grizzlies batting - Pitching for Stockton Mariners : RHP Gregorio Soto
|
|
Batting: RHB Chris Fernandez
|
0-0: Ball 1-0: Ball 2-0: Foul Ball, location: 2F 2-1: DOUBLE (Line Drive, 9LM, EV 103.1 MPH)
|
|
Batting: LHB Ron Oddo
|
0-0: Foul Ball, location: 2F 0-1: Called Strike 0-2: Ball 1-2: Foul Ball, location: 2F 1-2: Foul Ball, location: 2F 1-2: Fly out, F7 (Flyball, 7, EV 84.4 MPH)
|
|
Batting: RHB Tom Johnson
|
0-0: Called Strike 0-1: Ball 1-1: Ball 2-1: Called Strike 2-2: Ground out 4-3 (Groundball, 34, EV 84.4 MPH) Chris Fernandez to third
|
|
Batting: LHB Russ Aldrich
|
0-0: Swinging Strike 0-1: Foul Ball, location: 2F 0-2: Ball 1-2: Foul Ball, location: 2F 1-2: Foul Ball, location: 2F 1-2: Ball 2-2: Foul Ball, location: 2F 2-2: Foul Ball, location: 2F 2-2: SINGLE (Line Drive, 34D, EV 98.1 MPH) Chris Fernandez scores
|
|
Pitching: RHP Steve Green
|
|
|
Batting: LHB Jose Rivera
|
0-0: Called Strike 0-1: Ball 1-1: Ball 2-1: SINGLE (Groundball, 3S, EV 66.9 MPH) (infield hit) Russ Aldrich to second
|
|
Batting: RHB Ivan Mesa
|
0-0: Ball 1-0: Called Strike 1-1: Swinging Strike 1-2: Strikes out swinging
|
| Bottom of the 3rd over - 1 run, 3 hits, 0 errors, 2 left on base; Stockton 1 - Fresno 6 |
| TOP OF THE 4TH |
|
Stockton Mariners batting - Pitching for Fresno Grizzlies : RHP Jerry Bonilla
|
|
Batting: LHB Marvin Ward
|
0-0: Ball 1-0: Ball 2-0: Ball 3-0: Called Strike 3-1: Ground out 4-3 (Groundball, 4, EV 88.8 MPH)
|
|
Batting: LHB David Cawthon
|
0-0: Swinging Strike 0-1: Ball 1-1: Ball 2-1: Ball 3-1: Foul Ball, location: 2F 3-2: Fly out, F8 (Line Drive, 8RD, EV 88.8 MPH)
|
|
Batting: LHB Joe Perna
|
0-0: Ball 1-0: Foul Ball, location: 2F 1-1: Ball 2-1: Swinging Strike 2-2: Foul Ball, location: 2F 2-2: Ground out 5-3 (Groundball, 56S, EV 70.6 MPH)
|
| Top of the 4th over - 0 runs, 0 hits, 0 errors, 0 left on base; Stockton 1 - Fresno 6 |
| BOTTOM OF THE 4TH |
|
Fresno Grizzlies batting - Pitching for Stockton Mariners : RHP Steve Green
|
|
Batting: RHB Emilio Carrasquel
|
0-0: Ball 1-0: Foul Ball, location: 2F 1-1: Fly out, F8 (Flyball, 8RD, EV 89.4 MPH)
|
|
Batting: RHB Mike Jirschele
|
0-0: Fly out, F3 (Line Drive, 3, EV 68.8 MPH)
|
|
Batting: LHB Roger Hill
|
0-0: Foul Ball, location: 2F 0-1: Swinging Strike 0-2: Foul Ball, location: 2F 0-2: Ball 1-2: Strikes out looking
|
| Bottom of the 4th over - 0 runs, 0 hits, 0 errors, 0 left on base; Stockton 1 - Fresno 6 |
| TOP OF THE 5TH |
|
Stockton Mariners batting - Pitching for Fresno Grizzlies : RHP Jerry Bonilla
|
|
Batting: LHB David Lanning
|
0-0: Ball 1-0: Called Strike 1-1: Ball 2-1: Ball 3-1: Foul Ball, location: 2F 3-2: Ground out 6-3 (Groundball, 6M, EV 80.0 MPH)
|
|
Batting: RHB Orlando Mercado
|
0-0: Ball 1-0: Ball 2-0: Fly out, F7 (Line Drive, 7, EV 92.5 MPH)
|
|
Batting: LHB Victor Gavidia
|
0-0: Swinging Strike 0-1: Foul Ball, location: 2F 0-2: Strikes out swinging
|
| Top of the 5th over - 0 runs, 0 hits, 0 errors, 0 left on base; Stockton 1 - Fresno 6 |
| BOTTOM OF THE 5TH |
|
Fresno Grizzlies batting - Pitching for Stockton Mariners : RHP Steve Green
|
|
Batting: RHB Chris Fernandez
|
0-0: Fly out, F8 (Flyball, 8LXD, EV 100.0 MPH)
|
|
Batting: LHB Ron Oddo
|
0-0: Fly out, F6 (Line Drive, 6, EV 61.9 MPH)
|
|
Batting: RHB Tom Johnson
|
0-0: Ball 1-0: Fly out, F9 (Line Drive, 9, EV 98.8 MPH)
|
| Bottom of the 5th over - 0 runs, 0 hits, 0 errors, 0 left on base; Stockton 1 - Fresno 6 |
| TOP OF THE 6TH |
|
Stockton Mariners batting - Pitching for Fresno Grizzlies : RHP Jerry Bonilla
|
|
Batting: RHB Brian Greer
|
0-0: Ball 1-0: Called Strike 1-1: Called Strike 1-2: Fly out, F8 (Flyball, 8RM, EV 91.3 MPH)
|
|
Batting: LHB Harold Perkins
|
0-0: Ball 1-0: Called Strike 1-1: Ball 2-1: Ground out 6-3 (Groundball, 6, EV 83.1 MPH)
|
|
Batting: LHB Ricky Nelson
|
0-0: SINGLE (Line Drive, 56D, EV 95.0 MPH)
|
|
Batting: LHB Marvin Ward
|
0-0: Ball 1-0: Called Strike 1-1: Ball 2-1: Foul Ball, location: 2F 2-2: Strikes out swinging
|
| Top of the 6th over - 0 runs, 1 hit, 0 errors, 1 left on base; Stockton 1 - Fresno 6 |
| BOTTOM OF THE 6TH |
|
Fresno Grizzlies batting - Pitching for Stockton Mariners : RHP Steve Green
|
|
Batting: LHB Russ Aldrich
|
0-0: Ball 1-0: Swinging Strike 1-1: DOUBLE (Line Drive, 78D, EV 107.5 MPH)
|
|
Batting: LHB Jose Rivera
|
0-0: Ball 1-0: Ground out 5-3 (Groundball, 56, EV 83.1 MPH)
|
|
Batting: RHB Ivan Mesa
|
0-0: Ground out 5-3 (Groundball, 56S, EV 94.4 MPH)
|
|
Batting: RHB Emilio Carrasquel
|
0-0: SINGLE (Groundball, 56D, EV 109.4 MPH) Russ Aldrich to third Runner from 3rd tries for Home, SAFE, throw by LF to home
|
|
Batting: RHB Mike Jirschele
|
0-0: Ball 1-0: Ball 2-0: Ball 3-0: Called Strike 3-1: Swinging Strike 3-2: Foul Ball, location: 2F 3-2: Base on Balls Emilio Carrasquel to second
|
|
Batting: LHB Roger Hill
|
0-0: Swinging Strike 0-1: Ball 1-1: Swinging Strike 1-2: Strikes out swinging
|
| Bottom of the 6th over - 1 run, 2 hits, 0 errors, 2 left on base; Stockton 1 - Fresno 7 |
| TOP OF THE 7TH |
|
Stockton Mariners batting - Pitching for Fresno Grizzlies : RHP Jerry Bonilla
|
|
Batting: LHB David Cawthon
|
0-0: SINGLE (Flyball, 56D, EV 87.5 MPH)
|
|
Batting: LHB Joe Perna
|
0-0: Ball David Cawthon is caught stealing 2nd base 2-6 1-0: Foul Ball, location: 2F 1-1: Ball 2-1: Foul Ball, location: 2F 2-2: Foul Ball, location: 2F 2-2: Strikes out looking
|
|
Batting: LHB David Lanning
|
0-0: Called Strike 0-1: Ball 1-1: DOUBLE (Flyball, 8RXD, EV 101.3 MPH)
|
|
Pitching: RHP James Coffman
|
|
|
Batting: RHB Orlando Mercado
|
0-0: Ball 1-0: Called Strike 1-1: Ball 2-1: Foul Ball, location: 2F 2-2: Foul Ball, location: 2F 2-2: Fly out, F2 (Popup, 23F, EV 92.5 MPH)
|
| Top of the 7th over - 0 runs, 2 hits, 0 errors, 1 left on base; Stockton 1 - Fresno 7 |
| BOTTOM OF THE 7TH |
|
Fresno Grizzlies batting - Pitching for Stockton Mariners : RHP Steve Green
|
|
Batting: RHB Chris Fernandez
|
0-0: Called Strike 0-1: Ball 1-1: Foul Ball, location: 2F 1-2: Ball 2-2: Foul Ball, location: 2F 2-2: Ground out 6-3 (Groundball, 6, EV 88.8 MPH)
|
|
Batting: LHB Ron Oddo
|
0-0: Foul Ball, location: 2F 0-1: Fly out, F8 (Line Drive, 8LD, EV 88.1 MPH)
|
|
Batting: RHB Tom Johnson
|
0-0: Called Strike 0-1: Fly out, F7 (Flyball, 7S, EV 96.9 MPH)
|
| Bottom of the 7th over - 0 runs, 0 hits, 0 errors, 0 left on base; Stockton 1 - Fresno 7 |
| TOP OF THE 8TH |
|
Stockton Mariners batting - Pitching for Fresno Grizzlies : RHP James Coffman
|
|
Batting: LHB Victor Gavidia
|
0-0: Called Strike 0-1: Ball 1-1: Ball 2-1: SINGLE (Groundball, 34D, EV 98.8 MPH)
|
|
Batting: RHB Brian Greer
|
0-0: Ball 1-0: Swinging Strike 1-1: Grounds into double play, 5-4-3 (Groundball, 56, EV 98.8 MPH)
|
|
Batting: LHB Harold Perkins
|
0-0: Called Strike 0-1: Ball 1-1: Ball 2-1: Swinging Strike 2-2: Foul Ball, location: 2F 2-2: Foul Ball, location: 2F 2-2: Foul Ball, location: 2F 2-2: Ground out 1-3 (Groundball, 13S, EV 66.9 MPH)
|
| Top of the 8th over - 0 runs, 1 hit, 0 errors, 0 left on base; Stockton 1 - Fresno 7 |
| BOTTOM OF THE 8TH |
|
Fresno Grizzlies batting - Pitching for Stockton Mariners : RHP Steve Green
|
|
Batting: LHB Russ Aldrich
|
0-0: Foul Ball, location: 2F 0-1: Ball 1-1: Swinging Strike 1-2: Ball 2-2: Strikes out swinging
|
|
Batting: LHB Jose Rivera
|
0-0: Ball 1-0: Called Strike 1-1: Ground out 5-3 (Groundball, 56S, EV 86.3 MPH)
|
|
Batting: RHB Ivan Mesa
|
0-0: Ball 1-0: Ball 2-0: Foul Ball, location: 2F 2-1: Foul Ball, location: 2F 2-2: Fly out, F8 (Flyball, 8LD, EV 91.9 MPH)
|
| Bottom of the 8th over - 0 runs, 0 hits, 0 errors, 0 left on base; Stockton 1 - Fresno 7 |
| TOP OF THE 9TH |
|
Stockton Mariners batting - Pitching for Fresno Grizzlies : RHP James Coffman
|
|
Batting: LHB Ricky Nelson
|
0-0: Called Strike 0-1: Ball 1-1: Fly out, F7 (Flyball, 7, EV 95.0 MPH)
|
|
Batting: LHB Marvin Ward
|
0-0: Ball 1-0: Ball 2-0: Foul Ball, location: 2F 2-1: SINGLE (Groundball, 4MS, EV 66.3 MPH) (infield hit)
|
|
Pitching: LHP Steven King
|
|
|
Batting: LHB David Cawthon
|
0-0: Ball 1-0: Foul Ball, location: 2F 1-1: Swinging Strike 1-2: Ball 2-2: Strikes out looking
|
|
Batting: LHB Joe Perna
|
0-0: Foul Ball, location: 2F 0-1: Fly out, F5 (Popup, 5DF, EV 71.9 MPH)
|
| Top of the 9th over - 0 runs, 1 hit, 0 errors, 1 left on base; Stockton 1 - Fresno 7 |
|